 Dungeon Crawl Stone Soup version 0.31-a0-233-g139696dc86 (webtiles) character file.

Game seed: 1300710051668343408

72 qw the Shooter (level 4, -9/26 HPs)
             Began as a Gargoyle Hexslinger on July 8, 2023.
             Mangled by Sigmund
             ... wielding a +0 scythe
              (10 damage)
             ... on level 2 of the Dungeon.
             The game lasted 00:00:28 (1049 turns).

qw the Shooter (Gargoyle Hexslinger)                Turns: 1049, Time: 00:00:28

Health: -9/26      AC:  6    Str: 11    XL:     4   Next: 25%
Magic:  5/5        EV: 12    Int: 14    God:
Gold:   127        SH:  0    Dex: 14    Spells: 4/5 levels left

rFire   . . .        Y - +1 sling
rCold   . . .        (no shield)
rNeg    + . .        c - +0 robe
rPois   inf          e - +0 helmet
rElec   +            (no cloak)
rCorr   .            (no gloves)
SInv    .            (no boots)
Will    .....        (no amulet)
Stlth   +            (no ring)
HPRegen 0.24/turn    (no ring)
MPRegen 0.09/turn

%: no passive effects
@: slowed, very slow
A: sickness immunity, AC +3, negative energy resistance 1, electricity
resistance, torment resistance 1, petrification resistance, screaming 1,
MP-powered wands
a: no special abilities


You were on level 2 of the Dungeon.
You visited 1 branch of the dungeon, and saw 2 of its levels.

You collected 127 gold pieces.


Innate Abilities, Weirdness & Mutations

You are immune to sickness and miasma.
Your stone body is resilient. (AC +3)
You are immune to poison.
You resist negative energy. (rN+)
You are resistant to electric shocks. (rElec)
You are resistant to unholy torment.
You are immune to petrification.
You occasionally shout uncontrollably at your foes.
You expend magic power (3 MP) to strengthen your wands.


   Skills:
 - Level 2.0 Fighting
 + Level 4.0 Ranged Weapons
 - Level 1.5 Dodging
 - Level 1.0 Spellcasting
 - Level 2.6 Hexes


You had 4 spell levels left.
You knew the following spells:

 Your Spells              Type           Power      Damage    Failure   Level
a - Slow                  Hex            32%        N/A       9%          1

Your spell library contained the following spells:

 Spells                   Type           Power      Damage    Failure   Level
 Inner Flame              Hex/Fire       4%         N/A       41%         3
 Portal Projectile        Hex/Tloc       8%         N/A       41%         3
 Cause Fear               Hex            4%         N/A       65%         4

Inventory:

Hand Weapons
 Y - a +1 sling (weapon)
Armour
 b - a +2 cloak
 c - a +0 robe (worn)
 e - a +0 helmet (worn)
Scrolls
 a - a scroll of enchant armour {unknown}
Potions
 f - a potion of haste {unknown}
 j - a potion of mutation

Dungeon Overview and Level Annotations

Branches:
Dungeon (2/15)

Altars:

Annotations:
D:2 Natasha, Sigmund


Message History

Natasha is severely wounded.
You shoot a sling bullet. The sling bullet hits Natasha.
Natasha is almost dead.
A hobgoblin comes into view.
You yell at the hobgoblin!
Natasha closely misses you.
You shoot a sling bullet. The sling bullet barely misses Natasha.
Natasha wildly gestures.
You feel troubled. Natasha casts a spell at you.
You feel yourself slow down.
You shoot a sling bullet.
The sling bullet hits Natasha but does no damage.
Natasha is almost dead.
Sigmund gestures wildly while chanting.
Sigmund flickers and vanishes!
Deactivating autopickup; reactivate with Ctrl-A.
Natasha mumbles some strange words.
You feel troubled. Natasha claws you! Natasha completely misses you.
You shoot a sling bullet. The sling bullet hits Natasha.
You kill Natasha!
Natasha screams in fury as she dies!
Something hits you!
Your Ranged Weapons skill increases to level 4!
You have reached level 4!
You feel clever.
You shoot a sling bullet.
The sling bullet completely misses the hobgoblin.
Something hits you but does no damage. The hobgoblin barely misses you.
You shoot a sling bullet.
The sling bullet barely misses the hobgoblin.
The hobgoblin closely misses you.
Natasha, Servant of Life and Death comes into view.
Something hits you. The hobgoblin hits you.
You shoot a sling bullet.
The sling bullet barely misses the hobgoblin.
Something hits you. The hobgoblin closely misses you.
You shoot a sling bullet. The sling bullet hits the hobgoblin.
You kill the hobgoblin!
Something hits you!
You die...

#........ #.
#........ #.
#........ #.####
#........ #....#
#........
#...$########........
#...##..............
#.......######..<...
##..@......#.....###.
#..$..##...####......
#.....#8...8# #..>..)
#.......##...##
#......
#...h....##...#
#......
#.......###...#
#...... #..#....#
8...8###......
...###.##
.).##..#####.
##....(#.


You could see Natasha.

Vanquished Creatures
  Natasha (D:2)
  An adder (D:2)
  6 ball pythons
  3 bats (D:1)
  3 endoplasms (D:1)
  3 giant cockroaches
  2 goblins (D:1)
  5 hobgoblins
  5 kobolds
  2 quokkas (D:1)
  2 frilled lizards (D:1)
  6 rats
39 creatures vanquished.

Notes
Turn   | Place    | Note
-------+----------+-------------------------------------------
     0 | D:1      | qw the Gargoyle Hexslinger began the quest for the Orb.
     0 | D:1      | Reached XP level 1. HP: 12/12 MP: 2/2
     0 | D:1      | 0 ||| qw: Version: 0.3-a-46-gb1f654a
     0 | D:1      | 0 ||| qw: Game counter: 3388
     0 | D:1      | 0 ||| qw: Melee chars always use a shield: true
     0 | D:1      | 0 ||| qw: God list: Okawaru
     0 | D:1      | 0 ||| qw: Allow faded altars: false
     0 | D:1      | 0 ||| qw: Do Orc after clearing Dungeon:15 true
     0 | D:1      | 0 ||| qw: Do second Lair branch before Depths: true
     0 | D:1      | 0 ||| qw: Lair rune preference: random
     0 | D:1      | 0 ||| qw: Goals: Normal
     0 | D:1      | 0 ||| PLANNING D:1-11
   171 | D:1      | Reached XP level 2. HP: 16/16 MP: 3/3
   312 | D:1      | Reached skill level 3 in Ranged Weapons
   521 | D:1      | Reached XP level 3. HP: 21/21 MP: 4/4
   810 | D:1      | 810 ||| UPGRADING to +0 helmet.
   815 | D:1      | 815 ||| READING 2 scrolls labelled MADEWE MUIB.
   816 | D:1      | 816 ||| READING 2 scrolls labelled ULIXZO YBIA.
   817 | D:1      | 817 ||| READING scroll labelled SORPHEX NIOGO.
   818 | D:1      | 818 ||| DRINKING 2 blue potions.
   819 | D:1      | 819 ||| DRINKING 2 fizzy blue potions.
   819 | D:1      | Gained mutation: You expend magic power (3 MP) to
                  | strengthen your wands. [potion of mutation]
   819 | D:1      | Gained mutation: You occasionally shout uncontrollably at
                  | your foes. [potion of mutation]
   820 | D:1      | 820 ||| DROPPING scroll of fear.
   821 | D:1      | 821 ||| DROPPING scroll of poison.
   822 | D:1      | 822 ||| DROPPING potion of brilliance.
   823 | D:1      | 823 ||| DROPPING scroll of noise.
  1038 | D:2      | Noticed Natasha
  1040 | D:2      | Noticed Sigmund
  1045 | D:2      | Killed Natasha
  1045 | D:2      | HP: 5/21 [something (9)]
  1046 | D:2      | Reached skill level 4 in Ranged Weapons
  1046 | D:2      | Reached XP level 4. HP: 6/26 MP: 5/5
  1047 | D:2      | Noticed Natasha
  1047 | D:2      | HP: 2/26 [hobgoblin (2)]
  1049 | D:2      | Mangled by Sigmund

Levels and vault maps discovered:
D:1:      matt_arrival_spirals, layout_basic, minivault_25,
          minmay_misc_feat_columns, minivault_19, minmay_octomino_c4
D:2:      layout_rooms, serial_corexii_hall, chequers_hall_statues_corner_a,
          corexii_hall_statues_t, corexii_hall_statues_t, uniq_sigmund,
          uniq_natasha

Skill      XL: |  1  2  3 |
---------------+----------+-----
Ranged Weapons | 3 4 |  4.0
Fighting       | 2 |  2.0
Dodging        | |  1.5
Spellcasting   | |  1.0
Hexes          | |  2.6

Action                     |  1- 3 |  4- 6 || total
---------------------------+-------+-------++-------
   Fire: Sling             |   109 |     4 ||   113
    Use: Scroll            |     3 |       ||     3
         Potion            |     2 |       ||     2
 Armour: Robe              |     8 |     1 ||     9
  Dodge: Dodged            |    28 |     3 ||    31

Table legend:
 A = Non-vault XP
 B = Vault XP
 C = Vault XP percentage of total XP
 D = Non-vault monster count
 E = Vault monster count
 F = Vault count percentage of total count
                 A         B        C        D         E       F
            +---------+---------+-------+---------+---------+-------
      Total |      62 |      43 |  41.0 |      32 |       7 |  17.9
            +---------+---------+-------+---------+---------+-------
        D:1 |      32 |       7 |  17.9 |      19 |       6 |  24.0
        D:2 |      30 |      36 |  54.5 |      13 |       1 |   7.1
            +---------+---------+-------+---------+---------+-------
